[Event "Fagernes Chess GM-Swiss 2025"]
[Site "Fagernes"]
[Date "2025.04.13"]
[Round "1.23"]
[White "Vestby-Ellingsen, Mads"]
[Black "Kaewpitakkun, Pantham"]
[Result "1/2-1/2"]
[Annotator "ChessBase"]
[ECO "B50"]
[WhiteElo "2398"]
[BlackElo "2026"]
[PlyCount "79"]
[EventDate "2025.04.12"]
[EventCountry "NOR"]
[SourceTitle "playchess.com"]
[Source "ChessBase"]
[SourceQuality "1"]
[TimeControl "40/6000+30:2400+30"]

1. e4 c5 2. Nf3 d6 3. c3 Nf6 4. h3 e6 5. Bd3 Nc6 6. Bc2 Bd7 7. O-O Be7 8. Re1 Rc8 9. d3 O-O 10. a3 Qc7 11. Nbd2 b5 12. Nf1 a5 13. Ng3 a4 14. Re2 Rfe8 15. d4 cxd4 16. cxd4 Na5 17. Rb1 h6 18. e5 dxe5 19. Nxe5 Bd6 20. Qd3 Nc4 21. Ng4 Nxg4 22. Qh7+ Kf8 23. Nf5 Bh2+ 24. Kf1 Nge3+ 25. Nxe3 Nxe3+ 26. Bxe3 Bf4 27. Qh8+ Ke7 28. Qxg7 Rg8 29. Bxf4 Qxf4 30. Qe5 Qxe5 31. dxe5 b4 32. Kg1 Bb5 33. Rd2 Bc6 34. g3 b3 35. Bh7 Rh8 36. Bd3 Rhd8 37. Rc1 Bf3 38. Rxc8 Rxc8 39. g4 Rd8 40. Kf1 1/2-1/2

[Event "Fagernes Chess GM-Swiss 2025"]
[Site "Fagernes"]
[Date "2025.04.13"]
[Round "1.24"]
[White "Stromhaug, Kristoffer Wang"]
[Black "Johansson, Linus"]
[Result "0-1"]
[Annotator "ChessBase"]
[ECO "C07"]
[WhiteElo "2020"]
[BlackElo "2392"]
[PlyCount "70"]
[EventDate "2025.04.12"]
[EventCountry "NOR"]
[SourceTitle "playchess.com"]
[Source "ChessBase"]
[SourceQuality "1"]
[TimeControl "40/6000+30:2400+30"]

1. e4 e6 2. d4 d5 3. Nd2 c5 4. exd5 Qxd5 5. Ngf3 cxd4 6. Bc4 Qd6 7. O-O Nf6 8. Nb3 Nc6 9. Nbxd4 Nxd4 10. Qxd4 Qxd4 11. Nxd4 Bc5 12. Nb3 Bb6 13. Bb5+ Bd7 14. Bxd7+ Nxd7 15. Re1 Ke7 16. Bf4 Rhc8 17. c3 Rc4 18. Bg3 Ra4 19. Kf1 g5 20. Nd2 f5 21. b3 Ra6 22. f4 gxf4 23. Bxf4 Rc8 24. Nc4 Bc7 25. g3 Bxf4 26. gxf4 Nf6 27. Ne3 Kf7 28. c4 Rd8 29. Re2 Rd4 30. Ng2 Ne4 31. Rc1 Nd2+ 32. Kg1 Rxa2 33. Ne1 Rxf4 34. Kg2 Rg4+ 35. Kf2 Re4 0-1

[Event "Fagernes Chess GM-Swiss 2025"]
[Site "Fagernes"]
[Date "2025.04.13"]
[Round "1.25"]
[White "Aradhya, Garg"]
[Black "Kittilsen, Sigurd"]
[Result "1-0"]
[Annotator "ChessBase"]
[ECO "D27"]
[WhiteElo "2387"]
[BlackElo "2010"]
[PlyCount "69"]
[EventDate "2025.04.12"]
[EventCountry "NOR"]
[SourceTitle "playchess.com"]
[Source "ChessBase"]
[SourceQuality "1"]
[TimeControl "40/6000+30:2400+30"]

1. d4 d5 2. c4 dxc4 3. Nf3 a6 4. e3 e6 5. Bxc4 Nf6 6. O-O c5 7. Nbd2 cxd4 8. Nxd4 Bc5 9. Bd3 O-O 10. Ne4 Nbd7 11. Nxc5 Nxc5 12. Bc2 e5 13. Nb3 Qc7 14. Bd2 Rd8 15. Rc1 Qd6 16. Ba5 b6 17. Qxd6 Rxd6 18. Bc3 Nd3 19. Rcd1 e4 20. f3 Nd5 21. Bd2 Nxb2 22. Rb1 Nc4 23. Bxe4 Be6 24. Rfc1 Nxd2 25. Nxd2 f5 26. Nc4 Rc6 27. Nxb6 Rxb6 28. Bxd5 Bxd5 29. Rxb6 Bxa2 30. Rc7 Bd5 31. Rd6 Bb3 32. Rdd7 Re8 33. Ra7 Bc4 34. Rxg7+ Kf8 35. Rxh7 1-0

[Event "Fagernes Chess GM-Swiss 2025"]
[Site "Fagernes"]
[Date "2025.04.13"]
[Round "1.26"]
[White "Den Roover, Nikolay Jorgensen"]
[Black "Moksh Amit Doshi"]
[Result "1/2-1/2"]
[Annotator "ChessBase"]
[ECO "A13"]
[WhiteElo "2004"]
[BlackElo "2369"]
[PlyCount "71"]
[EventDate "2025.04.12"]
[EventCountry "NOR"]
[SourceTitle "playchess.com"]
[Source "ChessBase"]
[SourceQuality "1"]
[TimeControl "40/6000+30:2400+30"]

1. Nf3 Nf6 2. c4 e6 3. g3 d5 4. Bg2 d4 5. d3 Nc6 6. O-O Bc5 7. Qa4 O-O 8. Bg5 h6 9. Bxf6 Qxf6 10. Nfd2 Qe7 11. Ne4 Bb6 12. c5 Bxc5 13. Nxc5 Qxc5 14. Bxc6 bxc6 15. Nd2 Qd5 16. Rac1 Rb8 17. Nb3 Bd7 18. Qxa7 e5 19. Qc5 Qe6 20. Rc2 Rb5 21. Qc4 Ra8 22. Nc1 Qh3 23. e4 Ra6 24. Rd2 Qh5 25. f3 Qg5 26. Re2 Bh3 27. Rfe1 h5 28. a4 Rbb6 29. b3 Be6 30. Qc5 Qf6 31. Rf2 Bxb3 32. f4 Qd6 33. Nxb3 Rxb3 34. Qc4 Qb4 35. Qxa6 Qxe1+ 36. Kg2 1/2-1/2

[Event "Fagernes Chess GM-Swiss 2025"]
[Site "Fagernes"]
[Date "2025.04.13"]
[Round "1.27"]
[White "Melaa, Sondre"]
[Black "Hausken, Andreas Skrede"]
[Result "1-0"]
[Annotator "ChessBase"]
[ECO "A39"]
[WhiteElo "2344"]
[BlackElo "2002"]
[PlyCount "61"]
[EventDate "2025.04.12"]
[EventCountry "NOR"]
[SourceTitle "playchess.com"]
[Source "ChessBase"]
[SourceQuality "1"]
[TimeControl "40/6000+30:2400+30"]

1. c4 c5 2. g3 g6 3. Bg2 Bg7 4. Nc3 Nc6 5. Nf3 Nf6 6. d4 cxd4 7. Nxd4 O-O 8. O-O Ng4 9. e3 Nge5 10. b3 d6 11. Bb2 Bg4 12. f3 Bd7 13. Nc2 Rc8 14. Qd2 a6 15. Rab1 Na5 16. Nd4 Re8 17. h3 Qb6 18. Nd5 Qc5 19. Rfc1 e6 20. Nc3 Nexc4 21. bxc4 Nxc4 22. Qd3 Nxb2 23. Rxb2 Qa3 24. Qd2 e5 25. Nde2 e4 26. Rb3 Qa5 27. Nxe4 Qxd2 28. Nxd2 Ba4 29. Rxb7 Rxc1+ 30. Nxc1 Rxe3 31. Rb8+ 1-0

[Event "Fagernes Chess GM-Swiss 2025"]
[Site "Fagernes"]
[Date "2025.04.13"]
[Round "1.28"]
[White "Gasland, Lukas Dominik"]
[Black "Lund, Gunnar"]
[Result "1/2-1/2"]
[Annotator "ChessBase"]
[ECO "D30"]
[WhiteElo "1994"]
[BlackElo "2341"]
[PlyCount "186"]
[EventDate "2025.04.12"]
[EventCountry "NOR"]
[SourceTitle "playchess.com"]
[Source "ChessBase"]
[SourceQuality "1"]
[TimeControl "40/6000+30:2400+30"]

1. Nf3 d5 2. c4 e6 3. d4 Nf6 4. Bg5 Be7 5. cxd5 exd5 6. e3 c6 7. Bd3 Bg4 8. Nbd2 Nbd7 9. Qc2 Bh5 10. O-O Bg6 11. Bxg6 hxg6 12. Rfe1 O-O 13. e4 dxe4 14. Nxe4 Re8 15. Nc5 Bxc5 16. Rxe8+ Qxe8 17. dxc5 Qe4 18. Rc1 Qxc2 19. Rxc2 Nd5 20. g3 f6 21. Bd2 Kf7 22. b4 a6 23. Kg2 Re8 24. Rc4 g5 25. h4 gxh4 26. Rxh4 Ne5 27. Nd4 Ne7 28. Re4 Rd8 29. Bf4 Nd3 30. Bd6 Rd7 31. a3 Nc8 32. Bb8 Ne7 33. Bd6 Nc8 34. Bb8 Rd5 35. Nb3 b6 36. cxb6 Nxb6 37. Ba7 Nc8 38. Bc5 Nxc5 39. bxc5 Rd3 40. Rb4 Ne7 41. Rb6 g5 42. Na5 Rxa3 43. Rxa6 Ke6 44. Ra7 Rc3 45. Nb7 Rd3 46. Ra1 Rd5 47. Kf3 Ng6 48. Ke2 Ne5 49. Ra8 Rd7 50. Nd6 Re7 51. f4 gxf4 52. gxf4 Nd7 53. Kf3 Nxc5 54. Ne4 Nxe4 55. Kxe4 f5+ 56. Kd4 Rd7+ 57. Kc5 Rd5+ 58. Kxc6 Rd4 59. Re8+ Kf7 60. Rh8 Rxf4 61. Kd5 Re4 62. Rh6 Kg7 63. Ra6 Re8 64. Kd4 Kf7 65. Kd3 Kg7 66. Kd2 Re4 67. Kd3 Kf7 68. Rb6 Ke7 69. Ra6 Re1 70. Kd2 Re5 71. Kd3 Kf7 72. Rb6 Kg7 73. Ra6 Re8 74. Rb6 Re5 75. Ra6 Kg8 76. Ra7 Kf8 77. Rb7 Ke8 78. Ra7 Kd8 79. Rb7 Re7 80. Rxe7 Kxe7 81. Ke3 Kf7 82. Kf3 Kg7 83. Kg3 Kg6 84. Kf4 Kf6 85. Kf3 Kg5 86. Kg3 f4+ 87. Kf3 Kf5 88. Kf2 Kg4 89. Kg2 f3+ 90. Kf2 Kf4 91. Kf1 Kg3 92. Kg1 f2+ 93. Kf1 Kf3 1/2-1/2

[Event "Fagernes Chess GM-Swiss 2025"]
[Site "Fagernes"]
[Date "2025.04.13"]
[Round "1.29"]
[White "Grave, Jacob Templen"]
[Black "Lilliehook, Victor"]
[Result "1-0"]
[Annotator "ChessBase"]
[ECO "E04"]
[WhiteElo "2337"]
[BlackElo "1993"]
[PlyCount "43"]
[EventDate "2025.04.12"]
[EventCountry "NOR"]
[SourceTitle "playchess.com"]
[Source "ChessBase"]
[SourceQuality "1"]
[TimeControl "40/6000+30:2400+30"]

1. d4 d5 2. c4 e6 3. g3 Nf6 4. Bg2 dxc4 5. Nf3 Bb4+ 6. Bd2 a5 7. a3 Bxd2+ 8. Nbxd2 b5 9. b3 cxb3 10. Qxb3 c6 11. O-O O-O 12. Rfc1 Ba6 13. e3 Nd5 14. Ne5 Qb6 15. Ne4 b4 16. Nc5 Rd8 17. axb4 axb4 18. Ra4 Bb7 19. Bxd5 Rxd5 20. Rxb4 Rxc5 21. Rxb6 Rxc1+ 22. Kg2 1-0

[Event "Fagernes Chess GM-Swiss 2025"]
[Site "Fagernes"]
[Date "2025.04.13"]
[Round "1.30"]
[White "Haugen, Lars Tormod"]
[Black "Kreken, Eivind Grunt"]
[Result "1/2-1/2"]
[Annotator "ChessBase"]
[ECO "B48"]
[WhiteElo "1988"]
[BlackElo "2326"]
[PlyCount "130"]
[EventDate "2025.04.12"]
[EventCountry "NOR"]
[SourceTitle "playchess.com"]
[Source "ChessBase"]
[SourceQuality "1"]
[TimeControl "40/6000+30:2400+30"]

1. e4 c5 2. Nf3 e6 3. d4 cxd4 4. Nxd4 Nc6 5. Nc3 Qc7 6. Be3 a6 7. Qf3 Ne5 8. Qg3 Bd6 9. f4 Ng6 10. e5 Bb4 11. Bd2 d6 12. a3 Bxc3 13. Bxc3 dxe5 14. fxe5 N8e7 15. Nf3 Nd5 16. Bd4 Qxc2 17. Rd1 Qe4+ 18. Kf2 Ndf4 19. Be3 Nd5 20. Bd4 Bd7 21. Bd3 Qf4 22. Rhe1 Bc6 23. Be4 O-O 24. Bc5 Rfd8 25. Qxf4 Ndxf4 26. Bxc6 bxc6 27. Bd6 Rac8 28. g3 Nd5 29. Rc1 f6 30. Rc5 Kf7 31. Rec1 Nde7 32. exf6 gxf6 33. Bxe7 Nxe7 34. R1c4 Rb8 35. b4 e5 36. Ke2 Rb5 37. Nd2 Rd5 38. Nb3 Rdxc5 39. Nxc5 a5 40. bxa5 Rxa5 41. a4 Nf5 42. Nb3 Ra6 43. a5 Ke7 44. Kd3 h5 45. Kc3 Nd4 46. Nxd4 exd4+ 47. Kxd4 Rxa5 48. Rxc6 Ra2 49. h4 Ra3 50. Rc5 Rxg3 51. Rxh5 Ke6 52. Ke4 Ra3 53. Kf4 Rb3 54. Rh8 Rb4+ 55. Kg3 Kf5 56. Rh5+ Ke4 57. Rh8 Rb3+ 58. Kf2 Kf4 59. h5 f5 60. h6 Rb2+ 61. Kg1 Kf3 62. Rf8 Rg2+ 63. Kh1 Rg5 64. h7 Rh5+ 65. Kg1 Rxh7 1/2-1/2

[Event "Fagernes Chess GM-Swiss 2025"]
[Site "Fagernes"]
[Date "2025.04.13"]
[Round "1.31"]
[White "Adharsh K"]
[Black "Halvorsen, Benjamin"]
[Result "1-0"]
[Annotator "ChessBase"]
[ECO "C54"]
[WhiteElo "2317"]
[BlackElo "1966"]
[PlyCount "63"]
[EventDate "2025.04.12"]
[EventCountry "NOR"]
[SourceTitle "playchess.com"]
[Source "ChessBase"]
[SourceQuality "1"]
[TimeControl "40/6000+30:2400+30"]

1. e4 e5 2. Nf3 Nc6 3. Bc4 Nf6 4. d3 Bc5 5. O-O d6 6. c3 a6 7. a4 Ba7 8. Nbd2 Nh5 9. Re1 Nf4 10. Nf1 g5 11. Be3 g4 12. N3d2 h5 13. b4 Qg5 14. Bxa7 Rxa7 15. Ne3 h4 16. Ndf1 Ne7 17. b5 axb5 18. axb5 Rxa1 19. Qxa1 O-O 20. d4 Kg7 21. b6 f5 22. exf5 exd4 23. cxd4 d5 24. Bb3 c6 25. Qa3 Nxf5 26. Nxf5+ Qxf5 27. Qe7+ Rf7 28. Qxh4 Be6 29. Qg3 Nd3 30. Bc2 Nxe1 31. Bxf5 Bxf5 32. Qe5+ 1-0

[Event "Fagernes Chess GM-Swiss 2025"]
[Site "Fagernes"]
[Date "2025.04.13"]
[Round "1.32"]
[White "Ashwath Kaushik"]
[Black "Vijayakumar, Rishi"]
[Result "0-1"]
[Annotator "ChessBase"]
[ECO "E14"]
[WhiteElo "1958"]
[BlackElo "2317"]
[PlyCount "66"]
[EventDate "2025.04.12"]
[EventCountry "NOR"]
[SourceTitle "playchess.com"]
[Source "ChessBase"]
[SourceQuality "1"]
[TimeControl "40/6000+30:2400+30"]

1. d4 Nf6 2. Nf3 d5 3. c4 e6 4. e3 Be7 5. b3 O-O 6. Bd3 dxc4 7. bxc4 c5 8. O-O b6 9. Bb2 Bb7 10. Nbd2 Nc6 11. Rc1 Qc7 12. Qe2 Rfd8 13. Rfd1 Rd7 14. Nb3 a5 15. a4 Nb4 16. Ne5 Nxd3 17. Rxd3 Rdd8 18. Rcd1 Be4 19. R3d2 cxd4 20. Bxd4 Bb4 21. Rb2 Nd7 22. Nxd7 Rxd7 23. f3 Bc6 24. c5 e5 25. cxb6 Qd6 26. Rc1 exd4 27. Nxd4 Bb7 28. Qb5 g6 29. Rbc2 Re8 30. Rc7 Ree7 31. Rxb7 Rxb7 32. Qg5 Qe5 33. Qh6 Qxe3+ 0-1

[Event "Fagernes Chess GM-Swiss 2025"]
[Site "Fagernes"]
[Date "2025.04.13"]
[Round "1.33"]
[White "Myagmarsuren, Evsuld"]
[Black "Strand, Amund Pihl"]
[Result "1-0"]
[Annotator "ChessBase"]
[ECO "B45"]
[WhiteElo "2305"]
[BlackElo "1914"]
[PlyCount "79"]
[EventDate "2025.04.12"]
[EventCountry "NOR"]
[SourceTitle "playchess.com"]
[Source "ChessBase"]
[SourceQuality "1"]
[TimeControl "40/6000+30:2400+30"]

1. e4 c5 2. Nf3 e6 3. d4 cxd4 4. Nxd4 Nf6 5. Nc3 Nc6 6. g3 Bb4 7. Bg2 O-O 8. O-O d6 9. Nxc6 bxc6 10. e5 Nd5 11. Nxd5 cxd5 12. Qg4 Bc5 13. Bh6 g6 14. Bxf8 Qxf8 15. exd6 Qxd6 16. a3 Qb6 17. c4 Qxb2 18. Qf4 Qb8 19. Qg5 Ba6 20. Rfb1 Qd8 21. Qf4 Bd6 22. Qe3 Bxc4 23. Rb7 Qf6 24. Rab1 a5 25. h4 h5 26. Rd7 Be5 27. Rbb7 Rf8 28. Qg5 Qxg5 29. hxg5 a4 30. Bh3 d4 31. f4 Bh8 32. Bg2 Bb3 33. Kf2 e5 34. Bd5 Bxd5 35. Rxd5 exf4 36. gxf4 f6 37. Rd6 Rf7 38. Rd8+ Rf8 39. Rxf8+ Kxf8 40. Rb8+ 1-0

[Event "Fagernes Chess GM-Swiss 2025"]
[Site "Fagernes"]
[Date "2025.04.13"]
[Round "1.34"]
[White "Wernberg, Nikolai Olsen"]
[Black "Fiskaaen, Martin Holten"]
[Result "1/2-1/2"]
[Annotator "ChessBase"]
[ECO "A07"]
[WhiteElo "1893"]
[BlackElo "2283"]
[PlyCount "90"]
[EventDate "2025.04.12"]
[EventCountry "NOR"]
[SourceTitle "playchess.com"]
[Source "ChessBase"]
[SourceQuality "1"]
[TimeControl "40/6000+30:2400+30"]

1. Nf3 d5 2. g3 Nf6 3. Bg2 c6 4. O-O Bg4 5. h3 Bh5 6. d3 e6 7. c4 Nbd7 8. cxd5 exd5 9. e4 dxe4 10. dxe4 Nc5 11. Nc3 Be7 12. Qxd8+ Rxd8 13. Nh4 O-O 14. Nf5 Rfe8 15. e5 Nfd7 16. Nxe7+ Rxe7 17. g4 Bg6 18. Rd1 f6 19. exf6 gxf6 20. b4 Ne4 21. Bb2 Nxc3 22. Bxc3 Kf7 23. b5 cxb5 24. Rd6 Rc8 25. Bd5+ Ke8 26. Bb4 Rc7 27. Rd1 Bf7 28. Bf3 Re6 29. R6d4 Bg6 30. Bd6 Rc4 31. Bxb7 Rxd4 32. Rxd4 Ne5 33. f4 Nc4 34. Bc6+ Kd8 35. Bc5+ Kc7 36. Bxb5 Nd6 37. Ba4 Nb7 38. Ba3 Re3 39. Rc4+ Kb6 40. Bb2 Rxh3 41. Bc3 Nd6 42. Rc6+ Kb7 43. Rxd6 Rxc3 44. Rxf6 Rg3+ 45. Kf2 Rxg4 1/2-1/2